 Dungeon Crawl Stone Soup version 0.29.1-15-g9cfb28693d (webtiles) character file.

Game seed: 3764874196999452777

2769 MacCMillion the Cleaver (level 9, -13/82 HPs)
             Began as a Hill Orc Fighter on Feb 28, 2023.
             Mangled by an orc knight
             ... wielding a +0 halberd
              (22 damage)
             ... in a bailey.
             The game lasted 00:20:37 (10171 turns).

MacCMillion the Cleaver (Hill Orc Fighter)         Turns: 10171, Time: 00:20:37

Health: -13/82     AC: 15    Str: 23    XL:     9   Next: 69%
Magic:  9/9        EV:  7    Int:  8    God:
Gold:   278        SH:  5    Dex: 16    Spells: 8/8 levels left

rFire   + . .      SeeInvis .   a - +0 war axe (vamp)
rCold   . . .      Faith    .   c - +0 buckler
rNeg    . . .      Spirit   .   s - +0 chain mail
rPois   .          Reflect  .   v - +2 helmet
rElec   .          Harm     .   m - scarf {+Inv}
rCorr   .          Rampage  .   (no gloves)
Will    .....                   h - +1 pair of boots
Stlth   ..........              (no amulet)
HPRegen 0.23/turn               q - ring of protection from fire
MPRegen 0.11/turn               D - +6 ring of dexterity

@: hasted, very quick
A: no striking features
a: Evoke Invisibility


You were in a bailey.
You visited 1 branch of the dungeon, and saw 8 of its levels.
You also visited: Bailey.

You collected 549 gold pieces.
You spent 271 gold pieces at shops.

Inventory:

Hand Weapons
 a - a +0 vampiric war axe (weapon)
 A - the +10 trident of Action {protect, rCorr}
   (You found it on level 5 of the Dungeon)

   It grants its wielder temporary protection when it strikes (+7 to AC).
   rCorr:     It protects you from acid and corrosion.
Missiles
 p - 17 poisoned darts (quivered)
 C - 2 boomerangs
Armour
 b - a +0 scale mail
 c - a +0 buckler (worn)
 h - a +1 pair of boots (worn)
 m - a scarf of invisibility (worn)
 s - a +0 chain mail (worn)
 v - a +2 helmet (worn)
Jewellery
 q - a ring of protection from fire (left hand)
 y - a ring of ice
 D - a +6 ring of dexterity (right hand)
 J - a +4 ring of evasion
Scrolls
 e - a scroll of silence
 f - a scroll of fear
 i - a scroll of amnesia
 j - a scroll of torment {unknown}
 k - a scroll of brand weapon
 r - 3 scrolls of teleportation
 t - 2 scrolls of magic mapping {unknown}
 u - 2 scrolls of enchant weapon
 w - a scroll of enchant armour
 x - 2 scrolls of poison {unknown}
 E - a scroll of noise {unknown}
 F - a scroll of identify
 G - a scroll of butterflies {unknown}
 H - a scroll of blinking {unknown}
Potions
 d - 3 potions of brilliance
 g - 2 potions of haste
 l - 3 potions of curing
 n - 2 potions of mutation {unknown}
 o - 2 potions of flight {unknown}
 z - a potion of lignification {unknown}
 B - 2 potions of heal wounds {unknown}
 I - a potion of might
 K - a potion of cancellation {unknown}
 L - a potion of resistance {unknown}


   Skills:
 + Level 8.7 Fighting
 * Level 12.6 Axes
 + Level 5.6 Armour
 - Level 3.0 Stealth
 - Level 4.0 Shields


You had 8 spell levels left.
You didn't know any spells.
Your spell library contained the following spells:

 Spells                   Type           Power      Damage    Failure   Level
 Sandblast                Erth           0%         2d4       99%         1
 Passwall                 Tmut/Erth      0%         N/A       99%         2
 Stone Arrow              Conj/Erth      0%         3d7       100%        3


Dungeon Overview and Level Annotations

Branches:
Dungeon (8/15)             Temple (0/1) D:4          Bailey (1/1)
   Lair: D:8-11

Altars:
Cheibriados
Fedhas
Nemelex Xobeh
Okawaru
Ru
Zin

Shops:
D:2 !   D:4 [   D:5 *

Annotations:
D:2 Sigmund
D:4 1 runed translucent door, Crazy Yiuf
D:6 exclusion: oklob plant


Message History

* * * LOW HITPOINT WARNING * * *
You slash the orc knight!
You feel better.
The orc knight is severely wounded.
The orc knight hits you but does no damage.
You closely miss the orc knight.
The orc knight is severely wounded.
You completely miss the orc knight.
The orc knight is severely wounded.
The orc knight hits you with a +0 halberd.
* * * LOW HITPOINT WARNING * * *
You hit the orc knight but do no damage.
The orc knight is severely wounded.
You hit the orc knight but do no damage.
The orc knight is severely wounded.
The orc knight hits you with a +0 halberd.
* * * LOW HITPOINT WARNING * * *
You hit the orc knight but do no damage.
The orc knight is severely wounded.
The orc knight hits you with a +0 halberd!
* * * LOW HITPOINT WARNING * * *
Okay, then.
You feel better.
You hit the orc knight but do no damage.
The orc knight is severely wounded.
The orc knight hits you with a +0 halberd!
* * * LOW HITPOINT WARNING * * *
You closely miss the orc knight.
The orc knight is severely wounded.
Unknown command.
You barely miss the orc knight.
The orc knight is severely wounded.
The orc knight hits you with a +0 halberd.
* * * LOW HITPOINT WARNING * * *
You hit the orc knight but do no damage.
The orc knight is severely wounded.
Unknown command.
You barely miss the orc knight.
The orc knight is severely wounded.
The orc knight hits you with a +0 halberd!!
You die...

#.....#
#..)..#
#.....#
##)''##
##.....##
#.......#
#.......#
#.o#.#..#
#.@#8#..#
#.......#
##..)).##
###)###
#.).#
#...#
#.).#
#)).#
###)###


You could see an orc knight.

Vanquished Creatures
  Grinder (D:4)
  Prince Ribbit (D:5)
  Menkaure (D:4)
  3 orc warriors
  Duvessa (D:6)
  A black bear (D:5)
  2 ice beasts (D:6)
  An ogre (D:5)
  A bullfrog (D:7)
  Dowan (D:6)
  7 wights (D:6)
  3 jellies
  7 hounds
  2 gnoll boudas (D:6)
  6 iguanas
  5 orc wizards
  13 gnolls
  6 adders
  A white imp (D:5)
  An ufetubus (D:3)
  A worm (D:1)
  2 dart slugs
  50 orcs
  6 bats
  12 endoplasms
  4 giant cockroaches
  16 goblins
  6 hobgoblins
  12 kobolds
  6 quokkas
  5 ball pythons
  5 frilled lizards
  8 rats
197 creatures vanquished.

Vanquished Creatures (others)
  16 plants
16 creatures vanquished.

Grand Total: 213 creatures vanquished

Notes
Turn   | Place    | Note
-------+----------+-------------------------------------------
     0 | D:1      | MacCMillion the Hill Orc Fighter began the quest for the
                  | Orb.
     0 | D:1      | Reached XP level 1. HP: 19/19 MP: 1/1
    73 | D:1      | Reached skill level 3 in Axes
    87 | D:1      | Reached XP level 2. HP: 15/26 MP: 2/2
   583 | D:1      | Found a faded altar of an unknown god.
   729 | D:1      | Reached XP level 3. HP: 31/31 MP: 3/3
  1020 | D:1      | Reached skill level 4 in Axes
  1704 | D:2      | Found Iroegicujo's Distillery.
  1777 | D:2      | Noticed Sigmund
  1806 | D:2      | Reached XP level 4. HP: 38/40 MP: 4/4
  2670 | D:3      | Reached skill level 5 in Axes
  2738 | D:3      | Found a sparkling altar of Nemelex Xobeh.
  2738 | D:3      | Found a glowing silver altar of Zin.
  2764 | D:3      | Reached XP level 5. HP: 47/47 MP: 5/5
  3282 | D:4      | Found a snail-covered altar of Cheibriados.
  3315 | D:4      | Reached skill level 6 in Axes
  3365 | D:4      | Found a staircase to the Ecumenical Temple.
  3389 | D:4      | Noticed Grinder
  3399 | D:4      | Killed Grinder
  3400 | D:4      | Reached skill level 5 in Fighting
  3400 | D:4      | Reached skill level 7 in Axes
  3400 | D:4      | Reached XP level 6. HP: 13/56 MP: 6/6
  3838 | D:4      | Found an iron altar of Okawaru.
  3943 | D:4      | You fall into a shaft and drop 3 floors!
  4112 | D:5      | Entered Level 5 of the Dungeon
  4112 | D:5      | Noticed Prince Ribbit
  4378 | D:6      | Noticed an ice beast
  4412 | D:5      | Killed Prince Ribbit
  4413 | D:5      | Reached skill level 8 in Axes
  4413 | D:5      | Reached XP level 7. HP: 57/63 MP: 7/7
  4564 | D:6      | Reached skill level 9 in Axes
  5064 | D:6      | Reached XP level 8. HP: 63/71 MP: 8/8
  5144 | D:6      | Reached skill level 10 in Axes
  5390 | D:5      | Reached skill level 1 in Stealth
  5503 | D:5      | Found a sacrificial altar of Ru.
  5972 | D:4      | Noticed Menkaure
  5979 | D:4      | Killed Menkaure
  5980 | D:4      | Reached skill level 11 in Axes
  6112 | D:4      | Found Widdi's Antique Armour Shop.
  6128 | D:4      | Bought a runed helmet for 232 gold pieces
  6308 | D:4      | Found a runed translucent door.
  6309 | D:4      | Noticed Crazy Yiuf
  6664 | D:5      | Reached XP level 9. HP: 51/81 MP: 9/9
  6953 | D:5      | Found Yreduz's General Store.
  6966 | D:5      | Identified the +10 trident of Action {protect, rCorr}
  6972 | D:5      | Bought a scroll of teleportation for 39 gold pieces
  7729 | D:6      | Noticed Dowan
  7729 | D:6      | Noticed Duvessa
  7739 | D:6      | Killed Duvessa
  7751 | D:6      | Killed Dowan
  7958 | D:6      | Found a blossoming altar of Fedhas.
  7987 | D:6      | Noticed an oklob plant
  8024 | D:6      | Reached skill level 5 in Armour
  8406 | D:6      | Reached skill level 12 in Axes
  9794 | D:8      | Found a flagged portal.
  9807 | Bailey   | Entered a bailey
 10133 | Bailey   | Noticed an orc knight
 10171 | Bailey   | Mangled by an orc knight

Illustrated notes

Levels and vault maps discovered:
D:1:      roderic_crop_circles_arrival_small, layout_loops_corners,
          hellmonk_ecumenical_altar_slurped_away,
          hangedman_abyss_or_decor_stabs, minmay_circled_x
D:2:      layout_rooms, serial_shops, nicolae_shop_statue_plus, uniq_sigmund
D:3:      layout_rooms, jmf_multi_god_temple
D:4:      minmay_inner_zag, layout_loops_ring, okawaru_altar_gauntlet_db,
          amcnicky_altar_gilded, minmay_temple_entry_mini_moons, serial_shops,
          nicolae_lakefront_shop, item_on_display_a, uniq_crazy_yiuf_cottage,
          uniq_menkaure, uniq_grinder
D:5:      layout_basic, nicolae_ru_awakened_eye, serial_shops,
          nicolae_shop_statue_plus, grunt_decor_cap, nicolae_grassy_gnolls,
          uniq_prince_ribbit1
D:6:      layout_layer_cave, tgw_fedhas, uniq_duvessa
D:7:      layout_loops_ring
D:8:      layout_basic, mainiacjoe_overflow_surrounded_room, dpeg_lair_monsters,
          enter_bailey_3, hangedman_minor_gate_pass
Bailey:   bailey_polearm_5, bailey

Skill      XL: |  1  2  3  4  5  6  7  8  9 |
---------------+----------------------------+-----
Axes           | 3 4 5 7 8 9 11 12 | 12.6
Shields        | 4 |  4.0
Fighting       | 4 5 6 7 8 |  8.7
Stealth        | 2 3 |  3.0
Armour         | 4 5 |  5.6

Action                   |  1- 3 |  4- 6 |  7- 9 || total
-------------------------+-------+-------+-------++-------
Melee: War axe           |   130 |   180 |   388 ||   698
  Use: Potion            |       |     1 |     2 ||     3
       Scroll            |       |     6 |     2 ||     8
Armor: Scale mail        |    73 |    21 |       ||    94
       Chain mail        |       |    52 |   176 ||   228
       Skin              |       |     1 |       ||     1
Dodge: Dodged            |    51 |    74 |   105 ||   230
Block: Buckler           |    38 |    38 |    88 ||   164
